 Dungeon Crawl Stone Soup version 0.29.0-5-ge4962eb29e (webtiles) character file.

Game seed: 1687556346011646403

8698 freelancePsychic the Fighter (level 11, -5/97 HPs)
             Began as a Ghoul Fire Elementalist on Aug 29, 2022.
             Was a Believer of Cheibriados.
             Slain by a death yak (7 damage)
             ... on level 1 of the Lair of Beasts.
             The game lasted 00:29:35 (17013 turns).

freelancePsychic the Fighter (GhFE)                Turns: 17013, Time: 00:29:35

Health: -5/97      AC: 12    Str: 20    XL:     11   Next: 34%
Magic:  6/18       EV: 11    Int: 29    God:    Cheibriados [**....]
Gold:   668        SH:  5    Dex: 12    Spells: 15/21 levels left

rFire   + . .      SeeInvis .   j - +4 lajatang
rCold   + . .      Faith    .   (shield currently unavailable)
rNeg    + + +      Spirit   .   E - +4 ring mail "Pinki" {rF+ rN++ Dex-2}
rPois   ∞          Reflect  +   (no helmet)
rElec   .          Harm     .   (no cloak)
rCorr   .          Rampage  .   (no gloves)
Will    .....                   n - +2 pair of boots
Stlth   ++........              r - amulet of reflection
HPRegen 0.00/turn               e - +6 ring of intelligence
MPRegen 0.16/turn               d - +6 ring of intelligence

@: very slightly contaminated, inhibited regen, very slow
A: claws 1, cold resistance 1, negative energy resistance 3, inhibited
regeneration, torment resistance 2, devour on kill
a: Renounce Religion, Bend Time


You were on level 1 of the Lair of Beasts.
You worshipped Cheibriados.
Cheibriados was pleased with you.
You visited 2 branches of the dungeon, and saw 12 of its levels.
You also visited: Sewer.

You collected 668 gold pieces.

Inventory:

Hand Weapons
 c - a +0 trident
 i - a +0 spear of chaos
 j - a +4 lajatang (weapon)
Missiles
 l - 9 javelins
 x - 28 poisoned darts (quivered)
 y - 10 boomerangs
Armour
 f - a +2 pair of boots
 n - a +2 pair of boots (worn)
 E - the +4 ring mail "Pinki" (worn) {rF+ rN++ Dex-2}
   (You found it on level 8 of the Dungeon)

   Dex:       It affects your dexterity (-2).
   rF:        It protects you from fire.
   rN:        It greatly protects you from negative energy.
Jewellery
 d - a +6 ring of intelligence (right claw)
 e - a +6 ring of intelligence (left claw)
 g - a ring of resist corrosion
 r - an amulet of reflection (around neck)
 B - a +6 ring of dexterity
Wands
 H - a wand of digging (2)
Scrolls
 h - 3 scrolls of butterflies
 k - 3 scrolls of vulnerability
 I - 2 scrolls of teleportation {@r4}
Potions
 b - a potion of magic
 m - a potion of degeneration
 p - 5 potions of attraction
 s - 2 potions of flight
 t - a potion of haste {unknown}
 w - 4 potions of brilliance
 G - a potion of lignification


   Skills:
 + Level 9.5 Fighting
 - Level 5.2(8.0) Polearms
 + Level 9.4(10.0) Staves
 - Level 1.7 Dodging
 - Level 6.0 Stealth
 - Level 5.9 Spellcasting
 - Level 0.7 Conjurations
 - Level 2.4 Fire Magic
 * Level 4.6 Ice Magic


You had 15 spell levels left.
You knew the following spells:

 Your Spells              Type           Power      Damage    Failure   Level
a - Foxfire               Conj/Fire      68%        2x1d7     5%          1
b - Scorch                Fire           44%        2d7       5%          2
c - Frozen Ramparts       Ice            70%        1d11      4%          3

Your spell library contained the following spells:

 Spells                   Type           Power      Damage    Failure   Level
 Ensorcelled Hibernation  Hex/Ice        44%        N/A       6%          2
 Blink                    Tloc           16%        N/A       16%         2
 Passwall                 Tmut/Erth      6%         N/A       16%         2
 Conjure Flame            Conj/Fire      17%        6-21      16%         3
 Inner Flame              Hex/Fire       15%        N/A       19%         3
 Dazzling Flash           Conj/Hex       20%        N/A       26%         3
 Confusing Touch          Hex            8%         N/A       30%         3
 Gell's Gravitas          Tloc           8%         N/A       30%         3
 Lesser Beckoning         Tloc           8%         N/A       30%         3
 Portal Projectile        Hex/Tloc       16%        N/A       30%         3
 Summon Guardian Golem    Hex/Summ       8%         N/A       30%         3
 Swiftness                Air            8%         N/A       30%         3
 Summon Ice Beast         Ice/Summ       22%        N/A       36%         4
 Flame Wave               Conj/Fire      17%        2d7       45%         4
 Iskenderun's Mystic Bla  Conj/Tloc      10%        2d4       63%         4
 Anguish                  Hex/Necr       4%         N/A       69%         4
 Manifold Assault         Tloc           8%         N/A       95%         5
 Starburst                Conj/Fire      8%         6d4       100%        6
 Spider Form              Tmut/Pois      Unusable   N/A       N/A         3
 Ice Form                 Ice/Tmut       Unusable   N/A       N/A         4

Dungeon Overview and Level Annotations

Branches:
Dungeon (11/15)            Temple (0/1) D:7            Lair (1/5) D:9
  Sewer (visited)
    Orc: D:9-12

Altars:
Cheibriados
Dithmenos
Kikubaaqudgha
Makhleb
Qazlal
Trog
Uskayaw
Yredelemnul

Shops:
D:4 :   D:7 ((

Annotations:
D:3 2 transporters
D:4 2 transporters
D:6 exclusion: steam dragon
D:8 exclusion: upstairs
Lair:1 exclusions: cane toad and hydra


Innate Abilities, Weirdness & Mutations

You are immune to poison.
You have sharp fingernails.
Your flesh is cold resistant. (rC+)
You are immune to negative energy. (rN+++)
You do not regenerate when monsters are visible.
You are immune to unholy pain and torment.
You thrive by killing the living.


Message History

You miscast Frozen Ramparts.
You are very lightly contaminated with residual magic.
Nothing appears to happen.
Casting: Frozen Ramparts (mildly dangerous; 4% risk of failure)
Confirm with . or Enter, or press ? or * to list all spells.
Flames lash the death yak.
The death yak is lightly wounded.
The death yak's fire resistance burns away.
The death yak gores you.
* * * LOW HITPOINT WARNING * * *
Casting: Scorch (safe; 5% risk of failure)
Confirm with . or Enter, or press ? or * to list all spells.
Flames lash the death yak but do no damage.
The death yak barely misses you.
Casting: Scorch (safe; 5% risk of failure)
Confirm with . or Enter, or press ? or * to list all spells.
Flames lash the death yak.
The death yak is burned terribly!
The death yak is lightly wounded.
The death yak gores you!
* * * LOW HITPOINT WARNING * * *
Okay, then.
Okay, then.
You slash the death yak!
The death yak is moderately wounded.
The death yak barely misses you.
As you read the scroll of torment, it crumbles to dust.
You feel a surge of unholy energy.
The death yak convulses!
The death yak gores you!
* * * LOW HITPOINT WARNING * * *
Casting: Scorch (safe; 5% risk of failure)
Confirm with . or Enter, or press ? or * to list all spells.
Flames lash the death yak.
The death yak is burned terribly!
The death yak is severely wounded.
The death yak gores you but does no damage.
Casting: Scorch (safe; 5% risk of failure)
Confirm with . or Enter, or press ? or * to list all spells.
Flames lash the death yak.
The death yak is burned terribly!
The death yak is almost dead.
The death yak gores you!
You die...

#################################
.................................
.................................
................................
...........^...................
................@Y..........#
.....######.###########.....#
.....# ### #.....# .....# #.....#
.....# ##.....# ....)# #PY....#
.....## ##.....# ......# #.....#
.^...## #.....#


You could see a death yak (combustible).

Vanquished Creatures
  A hydra (D:7)
  2 death yaks (Lair:1)
  2 komodo dragons (Lair:1)
  3 trolls
  4 blink frogs (Lair:1)
  A shadow (D:10)
  5 yaks (D:10)
  A vampire (D:10)
  A fire bat (D:5)
  4 vampire mosquitoes (D:10)
  A steam dragon (D:7)
  An acid dragon (D:9)
  Duvessa (D:7)
  An orc warrior (D:6)
  4 ice beasts
  2 black bears
  An ogre (D:5)
  3 centaurs
  4 kobold brigands
  2 bullfrogs
  A gnoll sergeant (D:6)
  A necrophage (D:5)
  6 wights
  Dowan (D:7)
  5 killer bees (D:9)
  4 howler monkeys (D:10)
  2 hounds
  3 jellies
  4 orc priests (D:7)
  3 iguanas
  7 orc wizards
  5 gnolls
  10 adders
  2 river rats
  A shadow imp (D:6)
  2 ufetubi (D:4)
  2 worms
  3 dart slugs
  20 orcs
  16 ball pythons
  8 bats
  19 endoplasms
  5 giant cockroaches
  10 goblins
  4 hobgoblins
  5 jackals
  24 kobolds
  3 quokkas
  8 frilled lizards
  10 rats
  A rat zombie (D:10)
239 creatures vanquished.

Vanquished Creatures (others)
  A butterfly (D:7)
  351 foxfires
  A fungus (Lair:1)
  10 plants
363 creatures vanquished.

Grand Total: 602 creatures vanquished

Notes
Turn   | Place    | Note
-------+----------+-------------------------------------------
     0 | D:1      | freelancePsychic the Ghoul Fire Elementalist began the
                  | quest for the Orb.
     0 | D:1      | Reached XP level 1. HP: 14/14 MP: 2/2
    76 | D:1      | Reached XP level 2. HP: 19/20 MP: 0/3
   336 | D:1      | Found a faded altar of an unknown god.
   849 | D:1      | Reached XP level 3. HP: 25/27 MP: 4/4
   952 | D:1      | Reached skill level 1 in Fighting
  1800 | D:2      | Reached skill level 1 in Polearms
  1914 | D:2      | Reached XP level 4. HP: 35/35 MP: 5/5
  2646 | D:3      | Found a transporter.
  2991 | D:3      | Reached XP level 5. HP: 41/41 MP: 1/6
  3237 | D:3      | Got the Commentary on Akashic Interference
  3594 | D:3      | Found a transporter.
  3725 | D:4      | Noticed an ice beast
  3758 | D:4      | Killed an ice beast
  3759 | D:4      | Reached XP level 6. HP: 26/50 MP: 2/7
  3979 | D:4      | Found a glowing drain.
  4034 | Sewer    | Entered a sewer
  4767 | Sewer    | Reached skill level 5 in Stealth
  5074 | Sewer    | Reached XP level 7. HP: 52/57 MP: 6/8
  5353 | D:4      | Found a transporter.
  5405 | D:4      | Found a transporter.
  6087 | D:4      | Found Kuigg's Tremendous Tomes.
  6207 | D:5      | Entered Level 5 of the Dungeon
  6601 | D:5      | Reached skill level 5 in Polearms
  6601 | D:5      | Reached XP level 8. HP: 38/67 MP: 9/9
  7007 | D:5      | Reached skill level 1 in Staves
  7241 | D:5      | Found a hide-covered altar of Uskayaw.
  7379 | D:5      | Reached skill level 5 in Fighting
  8123 | D:6      | Found a snail-covered altar of Cheibriados.
  8700 | D:6      | Became a worshipper of Cheibriados the Contemplative
  9310 | D:6      | Reached XP level 9. HP: 47/75 MP: 8/10
  9502 | D:7      | Found Qin Voun's Antique Weapon Emporium.
  9560 | D:7      | Noticed a troll
  9569 | D:7      | Reached skill level 5 in Staves
 10338 | D:7      | Found a burning altar of Makhleb.
 10354 | D:7      | Found a bloodstained altar of Trog.
 10578 | D:7      | Found a basalt altar of Yredelemnul.
 10615 | D:7      | Noticed an eight-headed hydra
 10706 | D:7      | HP: 3/78 [eight-headed hydra (5)]
 11079 | D:7      | Found a staircase to the Ecumenical Temple.
 11079 | D:7      | You fall into a shaft and drop 2 floors!
 11119 | D:9      | Reached * piety under Cheibriados
 11278 | D:9      | Learned a level 2 spell: Scorch
 11302 | D:9      | Found a staircase to the Lair.
 11653 | D:9      | Noticed a troll
 11661 | D:9      | Killed a troll
 12029 | D:9      | Found a stormy altar of Qazlal.
 12193 | D:8      | Identified the +4 ring mail "Pinki" {rF+ rN++ Dex-2}
 12259 | D:8      | Identified the +8 rapier "Gava" {vamp, Str+2}
 12358 | D:8      | Found a shadowy altar of Dithmenos.
 12716 | D:10     | Entered Level 10 of the Dungeon
 12783 | D:10     | Reached XP level 10. HP: 53/88 MP: 1/14
 13728 | D:10     | Reached ** piety under Cheibriados
 14336 | D:10     | Found an ancient bone altar of Kikubaaqudgha.
 14808 | D:7      | Reached skill level 5 in Spellcasting
 15560 | D:7      | Killed an eight-headed hydra
 15641 | D:7      | Noticed Dowan
 15642 | D:7      | Noticed Duvessa
 15655 | D:7      | Killed Duvessa
 15666 | D:7      | Killed Dowan
 15674 | D:7      | Learned a level 3 spell: Frozen Ramparts
 15878 | D:7      | Found the +1 robe of Vines {NoPotionHeal Regen++++}
 15948 | D:7      | Found Oceweoj's Weapon Emporium.
 16071 | D:11     | Noticed a white ugly thing
 16128 | Lair:1   | Entered Level 1 of the Lair of Beasts
 16129 | Lair:1   | Noticed a cane toad
 16129 | Lair:1   | Noticed a six-headed hydra
 16190 | Lair:1   | Reached skill level 1 in Ice Magic
 16190 | Lair:1   | Reached XP level 11. HP: 81/97 MP: 5/18
 16315 | Lair:1   | Identified a scroll of acquirement
 16318 | Lair:1   | Acquired an amulet of reflection
 16933 | Lair:1   | Noticed a death yak
 16933 | Lair:1   | Noticed a death yak
 16945 | Lair:1   | Noticed a death yak
 16955 | Lair:1   | Killed a death yak
 16983 | Lair:1   | Killed a death yak
 17011 | Lair:1   | HP: 2/97 [death yak (7)]
 17013 | Lair:1   | Slain by a death yak

Illustrated notes

Levels and vault maps discovered:
D:1:      elethiomel_arrival_fortress_basement, layout_basic,
          chequers_ecumenical_altar_simple, chequers_avenue, st_stairs_9,
          palyth_stone_intersect, chequers_big_river
D:2:      minmay_recursive_quarters, layout_loops_ring, hangedman_feature_mirror
D:3:      gammafunk_wand_slinger, layout_rooms
D:4:      layout_basic, portal_sewer_entry_b, gammafunk_ghost_stat_death,
          nicolae_shop_i_like_big_books, kennysheep_potato
D:5:      layout_basic, mainiacjoe_overflow_big_doors,
          nicolae_figureground_pulse
D:6:      layout_loops_ring, lemuel_tele_altar
D:7:      layout_basic, bloody_makhleb, amcnicky_altar_gilded,
          old_standard_altar, nicolae_elyvilon_peaceful_grove,
          minmay_temple_entry_proselytizer, serial_shops, kennysheep_mini_moat,
          kennysheep_little_box, hellmonk_guarded_unrand_vines, uniq_duvessa
D:8:      layout_rooms, gammafunk_temple_overflow_statue,
          minmay_misc_feat_nine_boxes
D:9:      layout_roguey, mainiacjoe_overflow_concentric_impassable,
          lair_entry_dummy
D:10:     layout_roguey, lemuel_zombie_altar_kikubaaqudgha
D:11:     layout_gridville, minmay_misc_feat_roman, hangedman_decor_growths,
          chequers_decorated_corner,
          nicolae_gozag_cash_rules_everything_around_me
Lair:1:   layout_big_grid, chequers_serial_rivers_small_a, grunt_megastairs_1

Skill      XL: |  1  2  3  4  5  6  7  8  9 10 11 |
---------------+----------------------------------+-----
Stealth        | 3 4 5 6 |  6.0
Fighting       | 1 2 3 4 6 7 9 |  9.5
Polearms       | 1 2 3 4 5 |  5.2
Staves         | 4 7 9 |  9.4
Spellcasting   | 3 5 |  5.9
Ice Magic      | 1 4 |  4.6
Dodging        | |  1.7
Conjurations   | |  0.7
Fire Magic     | |  2.4

Action                   |  1- 3 |  4- 6 |  7- 9 | 10-12 || total
-------------------------+-------+-------+-------+-------++-------
Melee: Unarmed           |    47 |       |       |       ||    47
       Spear             |    31 |   279 |   129 |       ||   439
       Punch             |       |     1 |       |       ||     1
       Lajatang          |       |       |   222 |   131 ||   353
Throw: Dart              |       |       |     4 |    14 ||    18
 Cast: Foxfire           |    31 |    82 |    90 |       ||   203
       Scorch            |       |       |    30 |    95 ||   125
       Frozen Ramparts   |       |       |       |     5 ||     5
Evoke: Wand              |       |       |     6 |     6 ||    12
  Use: Scroll            |     1 |     7 |    11 |    16 ||    35
       Potion            |       |     4 |     5 |     9 ||    18
 Stab: Sleeping          |     9 |     2 |     5 |     1 ||    17
       Invisible         |       |     1 |       |       ||     1
Armor: Robe              |    15 |    76 |       |       ||    91
       Ring mail         |       |    38 |   160 |   108 ||   306
       Acid dragon scale |       |       |    17 |       ||    17
Dodge: Dodged            |    50 |   160 |   235 |   134 ||   579
Block: Other             |       |       |       |     7 ||     7
